 Dungeon Crawl Stone Soup version 0.17.1-2-g5865329 (webtiles) character file.

1710 ImaNewbie the Spear-Bearer (level 9, -7/70 HPs)
             Began as a Merfolk Berserker on Jan 29, 2016.
             Was a Believer of Trog.
             Mangled by Mysteryquy's ghost (24 damage)
             ... on level 9 of the Dungeon.
             The game lasted 00:25:12 (6254 turns).

ImaNewbie the Spear-Bearer (Merfolk Berserker)      Turns: 6254, Time: 00:25:12

Health: -7/70      AC:  9    Str: 23    XL:     9   Next: 3%
Magic:  9/9        EV: 12    Int:  7    God:    Trog [**....]
Gold:   219        SH:  0    Dex: 13    Spells: 0 memorised, 8 levels left

rFire  . . .     SeeInvis .     a - +1 spear
rCold  . . .     Clarity  .     p - +1 leather armour
rNeg   . . .     SustAt   .     (no shield)
rPois  +         Gourm    .     (no helmet)
rElec  .         Spirit   .     y - +0 cloak
rCorr  .         Warding  .     t - +2 pair of gloves
rMut   .         Stasis   .     n - +0 pair of boots
MR     ++...                    (no amulet)
Stlth  +.........               o - +3 ring of strength
                                l - ring of poison resistance

@: exhausted, starving, regenerating, slowed, very slow, very resistant to
hostile enchantments, very unstealthy
A: change form in water, swift swim
a: Berserk, Trog's Hand, Burn Spellbooks, Renounce Religion


You were on level 9 of the Dungeon.
You worshipped Trog.
Trog was pleased with you.
You were starving.

You visited 1 branch of the dungeon, and saw 7 of its levels.

You collected 219 gold pieces.

Inventory:

Hand Weapons
 a - a +1 spear (weapon)
Missiles
 g - a throwing net (quivered)
Armour
 n - a +0 pair of boots (worn)
 p - a +1 leather armour (worn)
 t - a +2 pair of gloves (worn)
 y - a +0 cloak (worn)
 z - a +0 shield
 D - a +0 buckler
Jewellery
 e - an uncursed ring of see invisible
 l - a ring of poison resistance (left hand)
 m - an uncursed ring of sustain attributes
 o - a +3 ring of strength (right hand)
 v - an uncursed ring of positive energy
Wands
 r - a wand of frost (1)
 x - a wand of fireball (15)
 A - a wand of fireball (6)
Scrolls
 b - a scroll of fear
 d - 3 scrolls of remove curse
 u - 3 scrolls of identify
Potions
 f - 2 potions of brilliance
 h - 2 potions of curing
 i - a potion of might
 k - 2 potions of heal wounds
Books
 B - a book of Enchantments

   Spells                             Type                      Level
   a - Cause Fear                     Hexes                        4
   b - Silence                        Hexes/Air                    5
   c - Deflect Missiles               Charms/Air                   6
   d - Haste                          Charms                       6
   e - Discord                        Hexes                        8
   Trog disapproves of the use of such an item.
Comestibles
 c - 4 bread rations
 j - a meat ration
 q - 12 fruits
 s - a royal jelly
 C - a beef jerky


   Skills:
 + Level 6.3 Fighting
 - Level 13.6 Polearms
 + Level 1.9 Armour
 - Level 2.6 Dodging
 * Level 2.3 Shields


You had 8 spell levels left.
You didn't know any spells.

Dungeon Overview and Level Annotations

Branches:
Dungeon (9/15)             Temple (0/1) D:4
   Lair: D:8-11         Orc: D:9-12

Altars:
Makhleb

Shops:
D:9 (

Annotations:
D:9 Mysteryquy's ghost, journeyman TrMo


Message History

You closely miss Mysteryquy's ghost.
Mysteryquy's ghost is severely damaged.
You are too berserk!
You puncture Mysteryquy's ghost!
Mysteryquy's ghost is severely damaged.
Mysteryquy's ghost whispers, "It is all a dream - a grotesque and foolish dream."
Mysteryquy's ghost hits you but does no damage.
You puncture Mysteryquy's ghost!
Mysteryquy's ghost is almost destroyed.
You puncture Mysteryquy's ghost!
Mysteryquy's ghost is almost destroyed.
You are no longer berserk.
You are exhausted.
You feel yourself slow down.
You are near starving!
Your skin crawls.
You feel resistant to hostile enchantments.
You are starving!
Mysteryquy's ghost hits you!!
You die...

### #.# ### #.# #.### #.#
### #.W@###.############
.#...##.####..............
...........##..#.(........
...........W..............
.#...#.....##..#..........
#...#.....##..#..........
#.....##+###..#.......(..
#..... #.###Z.###########
..................#


You could see Mysteryquy's ghost.

Vanquished Creatures
  Pikel (D:4)
  Grinder (D:4)
  Duvessa (D:5)
  A wasp (D:9)
  A phantom (D:4)
  4 slaves (D:4)
  2 ogres
  A centaur (D:5)
  Dowan (D:5)
  A crimson imp (D:5)
  A giant frog zombie (D:6)
  2 hounds
  Crazy Yiuf (D:3)
  A giant frog skeleton (D:9)
  Jessica (D:3)
  2 worker ants (D:5)
  A hound skeleton (D:5)
  3 gnolls
  9 adders
  3 oozes
  5 worms
  2 giant geckos
  4 orcs
  5 bats
  4 giant cockroaches
  7 goblins
  5 hobgoblins
  4 ball pythons
  7 giant newts
  5 kobolds
  A quokka (D:3)
  3 quokka skeletons
  8 rats
  A bush (D:3)
99 creatures vanquished.

Notes
Turn   | Place    | Note
--------------------------------------------------------------
     0 | D:1      | ImaNewbie the Merfolk Berserker began the quest for the Orb.
     0 | D:1      | Reached XP level 1. HP: 18/18 MP: 1/1
   201 | D:1      | Reached skill level 5 in Polearms
   203 | D:1      | Reached XP level 2. HP: 24/24 MP: 2/2
   652 | D:2      | Reached skill level 6 in Polearms
   652 | D:2      | Reached XP level 3. HP: 29/29 MP: 3/3
  1056 | D:2      | Reached ** piety under Trog
  1423 | D:2      | Reached XP level 4. HP: 20/35 MP: 4/4
  1430 | D:2      | Reached skill level 7 in Polearms
  2138 | D:2      | Reached skill level 8 in Polearms
  2138 | D:2      | Reached XP level 5. HP: 16/41 MP: 5/5
  2751 | D:2      | You fall through a shaft for 2 floors!
  2828 | D:4      | Noticed a slave
  2864 | D:4      | Killed a slave
  2938 | D:4      | Noticed an ogre
  2945 | D:4      | Killed an ogre
  2945 | D:4      | Reached skill level 9 in Polearms
  2945 | D:4      | Reached XP level 6. HP: 47/47 MP: 6/6
  3067 | D:4      | Noticed Grinder
  3117 | D:4      | Killed Grinder
  3117 | D:4      | Reached skill level 10 in Polearms
  3117 | D:4      | Reached XP level 7. HP: 35/52 MP: 7/7
  3201 | D:4      | Noticed a phantom
  3208 | D:4      | Killed a phantom
  3208 | D:4      | Reached skill level 11 in Polearms
  3277 | D:4      | Found a staircase to the Ecumenical Temple.
  3429 | D:3      | Noticed Jessica
  3436 | D:3      | Killed Jessica
  3804 | D:3      | Noticed Crazy Yiuf
  3824 | D:3      | Killed Crazy Yiuf
  4893 | D:4      | Noticed a slave
  4925 | D:4      | Killed a slave
  5027 | D:4      | Noticed a slave
  5059 | D:4      | Noticed a slave
  5076 | D:4      | Killed a slave
  5081 | D:4      | Killed a slave
  5116 | D:4      | Noticed Pikel
  5137 | D:4      | Killed Pikel
  5137 | D:4      | Reached skill level 13 in Polearms
  5137 | D:4      | Reached XP level 8. HP: 58/58 MP: 8/8
  5295 | D:4      | Found a burning altar of Makhleb.
  5365 | D:5      | Entered Level 5 of the Dungeon
  5429 | D:5      | Noticed Duvessa
  5429 | D:5      | Noticed Dowan
  5468 | D:5      | Killed Duvessa
  5711 | D:5      | Killed Dowan
  5765 | D:5      | Reached skill level 5 in Fighting
  6133 | D:6      | Reached skill level 1 in Shields
  6174 | D:6      | You fall through a shaft for 3 floors!
  6201 | D:9      | Noticed Mysteryquy's ghost (journeyman TrMo)
  6213 | D:9      | Found Cyschepp's Antique Weapon Shoppe.
  6220 | D:9      | Reached XP level 9. HP: 70/70 MP: 9/9
  6254 | D:9      | Mangled by Mysteryquy's ghost

Action                   |  1- 3 |  4- 6 |  7- 9 || total
-------------------------+-------+-------+-------++-------
Melee: Spear             |   133 |   166 |   480 ||   779
Invok: Berserk           |     2 |     5 |     6 ||    13
       Trog's Hand       |       |     5 |     5 ||    10
  Use: Scroll            |       |     3 |     9 ||    12
 Stab: Sleeping          |     2 |     1 |       ||     3
       Distracted        |       |     1 |     1 ||     2
  Eat: Chunk             |     4 |     9 |    10 ||    23
       Meat ration       |       |       |     1 ||     1
       Beef jerky        |       |       |     1 ||     1
